 Dungeon Crawl Stone Soup version 0.28.0 (webtiles) character file.

Game seed: 8135165728976461185

26 PoweredByGinger the Chopper (level 3, -1/46 HPs)
             Began as a Hill Orc Monk on Feb 15, 2022.
             Slain by an adder (3 damage)
             ... on level 3 of the Dungeon.
             The game lasted 00:01:20 (1305 turns).

PoweredByGinger the Chopper (Hill Orc Monk)         Turns: 1305, Time: 00:01:21

Health: -1/46      AC: 21    Str: 15    XL:     3   Next: 8%
Magic:  3/3        EV:  2    Int: 10    God:
Gold:   51         SH:  0    Dex: 13    Spells: 2/2 levels left

rFire   . . .      SeeInvis .   a - +0 hand axe
rCold   . . .      Faith    .   (no shield)
rNeg    . . .      Spirit   .   (armour currently unavailable)
rPois   +          Reflect  .   (helmet currently unavailable)
rElec   .          Harm     .   (cloak currently unavailable)
rCorr   .          Rampage  .   (gloves currently unavailable)
Will    .....      NoTele   +   (boots currently unavailable)
Stlth   ++........              (no amulet)
HPRegen 0.15/turn               (no ring)
MPRegen 0.08/turn               (no ring)

@: tree-form
A: stationary, stasis, torment immunity, boosted hp
a: no special abilities


You were on level 3 of the Dungeon.
You were a tree.
You visited 1 branch of the dungeon, and saw 3 of its levels.

You collected 51 gold pieces.

Inventory:

Hand Weapons
 a - a +0 hand axe (weapon)
Armour
 f - a +0 chain mail (melded)
Jewellery
 d - an amulet of regeneration
Scrolls
 e - 2 scrolls of identify {unknown}


   Skills:
 - Level 3.6 Fighting
 * Level 5.5 Axes
 - Level 2.4 Dodging
 - Level 1.5 Stealth


You had 2 spell levels left.
You didn't know any spells.
Your spell library was empty.

Dungeon Overview and Level Annotations

Branches:
Dungeon (3/15)

Altars:


Message History

Unknown command.
You barely miss the adder.
The adder is lightly wounded.
You hit the kobold.
You kill the kobold!
You feel sick.
The adder bites you but does no damage. x2
You hit the adder.
The adder is heavily wounded.
You feel sick.
You are no longer poisoned.
The adder barely misses you.
You miss the adder. Your punch misses the adder.
The adder is heavily wounded.
The adder bites you but does no damage.
You barely miss the adder.
The adder is heavily wounded.
The adder bites you but does no damage. x2
You barely miss the adder.
The adder is heavily wounded.
The adder bites you but does no damage.
You hit the adder.
The adder is severely wounded.
The adder bites you but does no damage.
You barely miss the adder.
The adder is severely wounded.
The adder bites you.
* * * LOW HITPOINT WARNING * * *
The adder barely misses you.
You hit the adder but do no damage.
The adder is severely wounded.
The adder bites you but does no damage.
You hit the adder but do no damage.
The adder is severely wounded.
The adder bites you but does no damage.
You hit the adder but do no damage.
The adder is severely wounded.
The adder bites you.
* * * LOW HITPOINT WARNING * * *
The adder bites you.
You die...

...
..#
#.#
#.#
##.##
...
#)#
#♣#
#S#
#.#
..#
###


You could see an adder.

Vanquished Creatures
  A dart slug (D:1)
  6 bats
  An endoplasm (D:2)
  A giant cockroach (D:1)
  4 hobgoblins (D:1)
  A kobold (D:3)
  A quokka (D:1)
  2 ball pythons (D:1)
  5 frilled lizards
  A goblin (D:1)
  A rat (D:1)
24 creatures vanquished.

Notes
Turn   | Place    | Note
-------+----------+-------------------------------------------
     0 | D:1      | PoweredByGinger the Hill Orc Monk began the quest for the
                  | Orb.
     0 | D:1      | Reached XP level 1. HP: 19/19 MP: 1/1
   394 | D:1      | Reached XP level 2. HP: 26/26 MP: 2/2
   628 | D:1      | Reached skill level 5 in Axes
  1232 | D:2      | Reached XP level 3. HP: 31/31 MP: 3/3
  1305 | D:3      | HP: 2/46 [adder (1)]
  1305 | D:3      | Slain by an adder

Illustrated notes

Levels and vault maps discovered:
D:1:      psy_arrival_whirlpool, layout_basic
D:2:      layout_loops_ring, basic_altar, minmay_pentomino_s2
D:3:      layout_basic, nicolae_wu_jian_wuxing_cycle,
          hellmonk_ecumenical_altar_inner_sanctum, minivault_5,
          lexackson_kobold_supper

Skill      XL: |  1  2 |
---------------+-------+-----
Axes           | 5 |  5.5
Fighting       | |  3.6
Dodging        | |  2.4
Stealth        | |  1.5

Action                   || total
-------------------------++-------
Melee: Hand axe          ||    78
       Punch             ||     2
  Use: Potion            ||     1
 Stab: Sleeping          ||     1
Armor: Chain mail        ||    57
       Robe              ||     2
       Skin              ||    10
Dodge: Dodged            ||    31
